Map: Ever Dream LE

Players

Zaechus - Winner!

  • Race: Protoss Protoss
  • League: Diamond
  • Spawn Location: 7:00

Aitri

  • Race: Protoss Protoss
  • League: Diamond
  • Spawn Location: 1:00

VOD

Have the link to the VOD?

Description

Time

  • Played on: Aug. 4, 2020, 6:11 p.m.
  • Length: 4:23
Show
View Real Time Build Order
Export as new Build Order

Zaechus Protoss - Winner!

Build Orders:  

Get SALT Encoding   

  12  0:00  Probe  
  13  0:12  Probe  
  14  0:18  Pylon  
  14  0:24  Probe (Chrono Boost)  
  15  0:36  Probe (Chrono Boost)  
  15  0:39  Gateway  
  16  0:43  Assimilator  
  16  0:46  Probe (Chrono Boost)  
  17  0:52  Probe  
  17  0:56  Assimilator  
  18  1:04  Probe  
  18  1:10  Gateway  
  19  1:16  Probe  
  20  1:28  Cybernetics Core  
  20  1:29  Probe  
  21  1:38  Pylon  
  21  1:41  Probe (Chrono Boost)  
  22  1:53  Probe (Chrono Boost)  
  23  2:05  Robotics Facility  
  23  2:08  Adept x2  
  27  2:10  Warp Gate  
  27  2:21  Pylon  
  27  2:38  Stalker x2  
  30  2:50  Immortal (Chrono Boost)  
  30  2:58  Pylon  
  34  3:08  Stalker  
  28  3:12  Stalker  
  38  3:29  Warp Prism (Chrono Boost)  
  42  4:17  Stalker x2  
Show
View Real Time Build Order
Export as new Build Order

Aitri Protoss 

Build Orders:  

Get SALT Encoding   

  12  0:00  Probe  
  13  0:12  Probe  
  14  0:19  Pylon  
  14  0:24  Probe  
  15  0:37  Probe  
  15  0:39  Gateway  
  16  0:48  Assimilator  
  16  0:49  Probe  
  17  0:55  Assimilator  
  17  1:01  Probe  
  18  1:13  Probe  
  18  1:14  Gateway  
  19  1:25  Cybernetics Core  
  19  1:28  Probe  
  20  1:40  Probe  
  21  1:52  Probe  
  22  1:55  Pylon  
  22  2:02  Warp Gate  
  22  2:11  Adept (Chrono Boost)  
  22  2:12  Adept (Chrono Boost)  
  26  2:22  Probe  
  27  2:27  Robotics Facility  
  27  2:44  Pylon  
  27  2:46  Stalker  
  27  2:47  Stalker  
  30  3:07  Nexus  
  30  3:10  Probe  
  31  3:26  Shield Battery  
  31  3:31  Stalker (Chrono Boost)  
  35  3:39  Sentry (Chrono Boost)  
  31  4:13  Pylon  
  31  4:16  Pylon  
Tags
 
Matchup
PvP
Spawn Locations
Cross Positions
Add a new tag
Caveats
  • Supply blocks, unpowered buildings, or Contaminate may cause inaccurate times.
  • Supply counts are checked every 10 seconds.